 Dungeon Crawl Stone Soup version 0.30.0-5-g1a98f26d00 (webtiles) character file.

Game seed: 2496369748011704831

15 JoshKwa the Gusty (level 2, -17/22 HPs)
             Began as a Draconian Air Elementalist on May 12, 2023.
             Killed by an exploding giant cockroach (24 damage)
             ... ignited by their inner flame
             ... on level 1 of the Dungeon.
             The game lasted 00:05:57 (731 turns).

JoshKwa the Gusty (Draconian Air Elementalist)       Turns: 731, Time: 00:05:57

Health: -17/22     AC:  4    Str: 10    XL:     2   Next: 34%
Magic:  1/5        EV: 12    Int: 15    God:
Gold:   39         SH:  0    Dex: 11    Spells: 4/5 levels left

rFire   . . .        b - +0 dagger
rCold   . . .        (no shield)
rNeg    . . .        (body armour unavailable)
rPois   .            (helmet restricted)
rElec   .            (no cloak)
rCorr   .            (no gloves)
SInv    .            (no boots)
Will    .....        (no amulet)
Stlth   ++           (no ring)
HPRegen 0.23/turn    (no ring)
MPRegen 0.09/turn

%: no passive effects
@: no status effects
A: AC +4, unfitting armour, cold-blooded
a: no special abilities


You were on level 1 of the Dungeon.
You visited 1 branch of the dungeon, and saw 1 of its levels.

You collected 39 gold pieces.

Inventory:

Hand Weapons
 b - a +0 dagger (weapon)
Potions
 a - 2 potions of magic


   Skills:
 * Level 0.5 Fighting
 * Level 2.0 Dodging
 + Level 1.8 Stealth
 * Level 2.3 Spellcasting
 + Level 1.0 Conjurations
 + Level 3.2 Air Magic


You had 4 spell levels left.
You knew the following spells:

 Your Spells              Type           Power      Damage    Failure   Level
a - Shock                 Conj/Air       32%        1d5       9%          1

Your spell library contained the following spells:

 Spells                   Type           Power      Damage    Failure   Level
 Static Discharge         Conj/Air       16%        2-3/arc   14%         2
 Swiftness                Air            11%        N/A       17%         3
 Airstrike                Air            5%         2d(1-17)  50%         4


Dungeon Overview and Level Annotations

Branches:
Dungeon (1/15)

Altars:


Innate Abilities, Weirdness & Mutations

Your plain brown scales are hard. (AC +4)
You cannot fit into any form of body armour.
You are cold-blooded and may be slowed by cold attacks.


Message History

Really attack while wielding nothing? [Y]es or [N]o only, please.
Really attack while wielding nothing? [Y]es or [N]o only, please.
Really attack while wielding nothing? [Y]es or [N]o only, please.
Really attack while wielding nothing?
Okay, then.
b - a +0 dagger (weapon)
The giant cockroach bites you.
You barely miss the giant cockroach. The giant cockroach misses you.
You hit the giant cockroach but do no damage.
The giant cockroach bites you.
You hit the giant cockroach but do no damage.
Your tail-slap misses the giant cockroach.
The hobgoblin closely misses your butterfly.
The giant cockroach bites you. The hobgoblin hits your butterfly.
Your butterfly dies!
Your butterfly disappears in a burst of colours!
The giant cockroach attacks as you move away!
The giant cockroach bites you but does no damage.
An endoplasm comes into view.
The endoplasm quivers.
The giant cockroach bites you. The giant cockroach bites you.
The giant cockroach attacks as you move away!
The giant cockroach closely misses you.
As you read the scroll labelled TIEHAO MUVUITS, it crumbles to dust.
The creatures around you are filled with an inner flame!
It was a scroll of immolation.
The giant cockroach bites you but does no damage.
You hit the giant cockroach.
Flame seeps out of the giant cockroach.
The giant cockroach is lightly wounded.
The giant cockroach is engulfed in blazing flames.
The giant cockroach explodes!
The fiery explosion engulfs the hobgoblin!!!
You kill the hobgoblin!
The fiery explosion engulfs you!!
Ouch! That really hurt!
You die...

#.... ..... #... #
..... ##### .#>.#.#
..... ...... .....#
..... ......####†##.#
..... ........g.....#
..... ......#§#.....#
##### .....
#○#.gb##### # ....
#@#.......# .#
.##.....##b#.##.##.#
#.##.....#..#.#..#
.....###.....###
......####......# ##
#.#.#.#.#.#..#.#.###.
...........b.###...#.
##.#.#.#.#>#.gb!..#...
......bbb...##..


You could see a hobgoblin.

Vanquished Creatures
  A dart slug (D:1)
  3 bats (D:1)
  An endoplasm (D:1)
  A giant cockroach (D:1)
  2 hobgoblins (D:1)
  A quokka (D:1)
  A ball python (D:1)
  A frilled lizard (D:1)
  A goblin (D:1)
  A kobold (D:1)
  3 rats (D:1)
16 creatures vanquished.

Notes
Turn   | Place    | Note
-------+----------+-------------------------------------------
     0 | D:1      | JoshKwa the Draconian Air Elementalist began the quest for
                  | the Orb.
     0 | D:1      | Reached XP level 1. HP: 14/14 MP: 3/3
   170 | D:1      | Reached XP level 2. HP: 10/22 MP: 0/5
   731 | D:1      | Killed by an exploding giant cockroach... ignited by their
                  | inner flame

Illustrated notes

Levels and vault maps discovered:
D:1:      elethiomel_arrival_shortcut, layout_basic, serial_shops, shop,
          st_stairs_10

Skill      XL: |  1  2 |
---------------+-------+-----
Dodging        | 2 |  2.0
Fighting       | |  0.5
Stealth        | |  1.8
Spellcasting   | |  2.3
Conjurations   | |  1.0
Air Magic      | |  3.2

Action                     || total
---------------------------++-------
  Melee: Unarmed           ||    26
         Tailslap          ||     3
         Dagger            ||    17
   Cast: Shock             ||    16
    Use: Scroll            ||     3
 Armour: Skin              ||    38
  Dodge: Dodged            ||    56
